 Dungeon Crawl Stone Soup version 0.29.1-14-g9c671dbff4 (webtiles) character file.

Game seed: 7871383900545740640

40 adizb the Trooper (level 3, 0/31 HPs)
             Began as a Demigod Fighter on Feb 12, 2023.
             Slain by a gnoll
             ... wielding a +0 flail
              (10 damage)
             ... on level 2 of the Dungeon.
             The game lasted 00:04:22 (1069 turns).

adizb the Trooper (Demigod Fighter)                 Turns: 1069, Time: 00:04:23

Health: 0/31       AC:  6    Str: 21    XL:     3   Next: 14%
Magic:  5/5        EV:  9    Int: 10    God:
Gold:   35         SH:  4    Dex: 13    Spells: 2/2 levels left

rFire   . . .      SeeInvis .   a - +0 war axe
rCold   . . .      Faith    .   c - +0 buckler
rNeg    . . .      Spirit   .   b - +0 scale mail
rPois   .          Reflect  .   (no helmet)
rElec   .          Harm     .   (no cloak)
rCorr   .          Rampage  .   (no gloves)
Will    .....                   (no boots)
Stlth   ..........              (no amulet)
HPRegen 0.10/turn               (no ring)
MPRegen 0.09/turn               (no ring)

@: no status effects
A: high MP 1, forlorn, divine attributes
a: no special abilities


You were on level 2 of the Dungeon.
You visited 1 branch of the dungeon, and saw 2 of its levels.

You collected 35 gold pieces.

Inventory:

Hand Weapons
 a - a +0 war axe (weapon)
 l - a +0 sling
Missiles
 g - 6 javelins (quivered)
 k - 2 atropa-tipped darts
Armour
 b - a +0 scale mail (worn)
 c - a +0 buckler (worn)
Scrolls
 f - a scroll of butterflies {unknown}
 j - a scroll of vulnerability {unknown}
Potions
 d - a potion of might
 e - a potion of haste {unknown}
 h - a potion of cancellation
 i - a potion of curing {unknown}


   Skills:
 * Level 3.2 Fighting
 * Level 2.5 Axes
 + Level 3.0 Armour
 - Level 2.6 Shields


You had 2 spell levels left.
You didn't know any spells.
Your spell library was empty.

Dungeon Overview and Level Annotations

Branches:
Dungeon (2/15)


Innate Abilities, Weirdness & Mutations

You have an increased reservoir of magic. (+10% MP)
You shall have no god before yourself.
Your divine heritage dramatically boosts your attributes as you level up.


Message History

The gnoll is moderately wounded.
a - a +0 war axe (weapon)
You block the gnoll's attack.
You closely miss the gnoll.
The gnoll is moderately wounded.
The gnoll barely misses you.
You slash the gnoll!
The gnoll is almost dead.
The gnoll hits you with a +0 whip.
You completely miss the gnoll.
The gnoll is almost dead.
The gnoll hits you with a +0 whip. The gnoll hits you with a +0 whip!
The gnoll hits you but does no damage.
You slash the gnoll!
You kill the gnoll!
You barely miss the gnoll. The gnoll closely misses you.
Your Armour skill increases to level 3!
You have reached level 3!
Your experience leads to a dramatic increase in your attributes!
Increase (S)trength, (I)ntelligence, or (D)exterity?
You feel stronger. x4
You hit the gnoll.
The gnoll is moderately wounded.
The gnoll barely misses you. You block the gnoll's attack.
You hit the gnoll but do no damage.
The gnoll is moderately wounded.
The gnoll closely misses you.
You closely miss the gnoll.
The gnoll is moderately wounded.
The gnoll barely misses you. You block the gnoll's attack.
You closely miss the gnoll.
The gnoll is moderately wounded.
The gnoll hits you with a +0 flail.
You closely miss the gnoll.
The gnoll is moderately wounded.
You block the gnoll's attack.
You hit the gnoll but do no damage.
The gnoll is moderately wounded.
The gnoll hits you with a +0 flail. The gnoll hits you with a +0 flail!
You die...

#.......#...
######........... .
#....#........... ..
##....#........... ...
#................#
....###................#
........................
#..?..g......#..........
#....$)@....)+.....[.<..
#............#......#...
#.......................
#......##...............
.....................>..
........................
###......##......#...)..
....#........#.#......
#........#.#......


You could see a gnoll.

Vanquished Creatures
  A gnoll (D:2)
  2 adders (D:2)
  2 ball pythons
  4 giant cockroaches
  A bat (D:1)
  A frilled lizard (D:2)
  A kobold (D:2)
  3 rats
15 creatures vanquished.

Notes
Turn   | Place    | Note
-------+----------+-------------------------------------------
     0 | D:1      | adizb the Demigod Fighter began the quest for the Orb.
     0 | D:1      | Reached XP level 1. HP: 18/18 MP: 3/3
   814 | D:2      | Reached XP level 2. HP: 11/26 MP: 4/4
  1064 | D:2      | Reached XP level 3. HP: 17/31 MP: 5/5
  1069 | D:2      | Slain by a gnoll

Illustrated notes

Levels and vault maps discovered:
D:1:      nzn_arrival_crosshair, layout_basic, feat_on_display
D:2:      layout_basic, nrook_uturn

Skill      XL: |  1  2 |
---------------+-------+-----
Axes           | 2 |  2.5
Fighting       | 3 |  3.2
Armour         | 3 |  3.0
Shields        | |  2.6

Action                   || total
-------------------------++-------
Melee: War axe           ||    62
 Fire: Sling             ||     2
  Use: Scroll            ||     1
Armor: Scale mail        ||    36
Dodge: Dodged            ||    31
Block: Buckler           ||    27
